 Dungeon Crawl Stone Soup version 0.31-a0-1300-gb6740aa4e6 (webtiles) character file.

Game seed: 1645277015427741570

61 avis the Ducker (level 3, 20/20 HPs)
             Began as a Felid Shapeshifter on Dec 18, 2023.
             Got out of the dungeon alive.
             The game lasted 00:05:02 (1401 turns).

avis the Ducker (Felid Shapeshifter)                Turns: 1401, Time: 00:05:03

Health: 20/20      AC:  1    Str: 10    XL:     3   Next: 83%
Magic:  4/4        EV: 18    Int: 13    God:
Gold:   49         SH:  0    Dex: 17    Spells: 2/2 levels left
                                        Lives:  0   Deaths: 1

rFire   . .          .
                       - Unarmed
rCold   . . .        (shield unavailable)
rNeg    . . .        (body armour unavailable)
rPois   .            (helmet unavailable)
rElec   .            (cloak unavailable)
rCorr   .            (gloves unavailable)
SInv    +            (boots unavailable)
Will    .....        (no amulet)
Stlth   ++           (no ring)
HPRegen 0.23/turn    (no ring)
MPRegen 0.09/turn

%: no passive effects
@: beast-form
A: beast (slay +1), very small, claws 1, fangs 3, see invisible, shaggy fur 1,
stealthy paws, no weapons or thrown items, no armour, multi-lived
a: Begin Untransformation


You escaped.
You were a hulking beast.
You visited 1 branch of the dungeon, and saw 2 of its levels.

You collected 49 gold pieces.

Inventory:

Talismans
 b - a beast talisman
 f - a flux talisman
 m - a maw talisman
Scrolls
 c - a scroll of noise {unknown}
 d - a scroll of identify {unknown}
Potions
 e - 2 potions of might {unknown}


   Skills:
 - Level 3.0 Fighting
 * Level 4.1 Dodging
 - Level 3.0 Unarmed Combat
 - Level 2.6 Shapeshifting


You had 2 spell levels left.
You didn't know any spells.
Your spell library contained the following spells:

 Spells                   Type           Power      Damage    Failure   Level
 Cigotuvi's Dreadful Rot  Necr/Pois/Air  0%         N/A       43%         2
 Ignite Poison            Fire/Tmut/Pois 0%         N/A       67%         3
 Freezing Cloud           Conj/Ice/Air   0%         6-21      100%        5


Dungeon Overview and Level Annotations

Branches:
Dungeon (2/15)

Altars:

Shops:
D:1 !


Innate Abilities, Weirdness & Mutations

You are a hulking beast.
Your limbs bulge with bestial killing power. (Slay +1)
You have sharp claws.
You have razor-sharp teeth.
You have supernaturally acute eyesight. (SInv)
You are covered in fur. (AC +1)
Your paws help you pounce on unaware monsters.
You are incapable of wielding weapons or throwing items.
You cannot wear armour.
You gain extra lives every three experience levels.


Message History

You feel sick. The adder bites you. The adder misses you.
You closely miss the adder.
The adder is heavily wounded.
You feel sick. The adder misses you.
Your transformation has ended.
You turn into a tree.
Your roots penetrate the ground.
You feel sick. The adder bites you but does no damage.
You closely miss the adder.
The adder is heavily wounded.
You feel sick.
You are no longer poisoned.
The adder bites you but does no damage.
You hit the adder.
You kill the adder!
Your Dodging skill increases to level 4!
You hit the worm.
The worm is moderately wounded.
You smack the worm!
The worm is severely wounded.
The worm bites you.
* * * LOW HITPOINT WARNING * * *
You hit the worm.
The worm is almost dead.
You hit the worm.
The worm is almost dead.
The worm bites you!
You die...
Your shape twists and changes as you die.
You feel less wooden.
You turn into a hulking beast.
You rejoin the land of the living...
There is a stone staircase leading up here.
You climb upwards.
There is a stone staircase leading down here.
You see here a +0 dagger of pain.
You see here a +0 ring mail.
You see here a +0 short sword.
There is an open door here.
There is a staircase leading out of the dungeon here.
You have escaped!

##.......#########.......##...
##.....####.......####.....###.
##....###.............###....##.
#....##.....#######.....##....#.
##...##....###.....###....##...##
#....#....##.........##.(..#....#
#...##...##...#####...##...##...#
#...#....#...##...##...#....#...#
#...#....+...##.h.##...#...(+...#
#...#....#...##...##...#....#...#
#...##...##...##.##...##...##...#
#....#....##.....#...##....#....#
##...##....###...#.###....##...##
#....##.....#####.#.....##....#
##....###.......#.....###....##
##.....####....#..##'#.....##
##.......####.####.......##


There were no monsters in sight!

Vanquished Creatures
  An adder (D:2)
  2 worms
  2 dart slugs (D:1)
  5 ball pythons
  4 endoplasms
  A giant cockroach (D:1)
  5 goblins
  4 hobgoblins
  5 kobolds
  A quokka (D:1)
  5 bats (D:1)
  A frilled lizard (D:1)
  2 rats
38 creatures vanquished.

Notes
Turn   | Place    | Note
-------+----------+-------------------------------------------
     0 | D:1      | avis the Felid Shapeshifter began the quest for the Orb.
     0 | D:1      | Reached XP level 1. HP: 10/10 MP: 2/2
   116 | D:1      | Reached XP level 2. HP: 15/15 MP: 3/3
   308 | D:1      | Found Muerecac's Distillery.
   486 | D:1      | Reached XP level 3. HP: 20/20 MP: 4/4
   946 | D:2      | Reached skill level 3 in Dodging
  1283 | D:2      | Reached skill level 4 in Dodging
  1286 | D:2      | Slain by a worm
  1401 | D:$      | Got out of the dungeon alive.

Illustrated notes

Levels and vault maps discovered:
D:1:      dpeg_arrival_circle_labyrinth_a, layout_basic, serial_shops,
          nicolae_shop_tiny_glass, st_stairs_12
D:2:      layout_loops_ring

Skill      XL: |  1  2  3 |
---------------+----------+-----
Fighting       | 2 3 |  3.0
Dodging        | 4 |  4.1
Unarmed Combat | |  3.0
Shapeshifting  | |  2.6

Action                     || total
---------------------------++-------
  Melee: Unarmed           ||    98
         Bite              ||    12
         Punch             ||     1
    Use: Potion            ||     1
   Stab: Sleeping          ||     4
 Armour: Skin              ||    32
  Dodge: Dodged            ||    77

Table legend: (Time is in decaauts)
 A = Elapsed time spent in this place.
 B = Non-inter-level travel time spent in this place.
 C = Inter-level travel time spent in this place.
 D = Time resting spent in this place.
 E = Time spent auto-exploring this place.
 F = Levels seen in this place.
 G = Mean time per level.
                   A        B        C        D        E       F      G
               +--------+--------+--------+--------+--------+-----+--------+
         Total |   1399 |   1098 |    301 |     72 |    704 |   2 |  699.5 |
       Dungeon |   1399 |   1098 |    301 |     72 |    704 |   2 |  699.5 |
               +--------+--------+--------+--------+--------+-----+--------+

Top non-repeatable levels by time:
     D:1: 1251 daAuts
     D:2: 147 daAuts
